AoeStats
← Twityss

MegaRandom

504223228Analyzed
2v2 RM · 27d ago on Sep 4, 2026· 28m 5s· 4 players
Game mode
Random Map
Map size
Medium (4 player)
Population
200
Speed
Normal
Resources
Standard
Victory
Conquest
Starting age
Dark Age
Ending age
Imperial Age
RankedLock teamsTeams togetherTeam positionsShared explorationLock speedFull tech treeHidden civsTurbo modeCheats
Victory
Defeat
🇨🇳 Khitans · China
570
+13
🇨🇳 Khitans · China
546
+14
🇨🇳 Franks · China
564
-16
🇺🇸 Maya · United States
444
-11
Mj47025
10:56 Feudal Age
13:06 Man-at-Arms
16:10 Double-Bit Axe
16:08 Horse Collar
16:34 Loom
21:05 Castle Age
21:20 Eagle Warrior
21:23 Long Swordsman
21:26 Elite Skirmisher
科学家王乐乐
10:59 Feudal Age
12:49 Double-Bit Axe
19:08 Gold Mining
19:14 Stone Mining
21:29 Castle Age
20:37 Scale Mail Armor
20:47 Forging
20:44 Scale Barding Armor
23:52 Gold Mining
24:16 Bow Saw
Twityss
0:49 Loom
12:30 Feudal Age
14:01 Double-Bit Axe
14:45 Domestication
17:20 Wheelbarrow
19:15 Castle Age
18:12 Forging
18:28 Scale Barding Armor
20:03 Light Cavalry
20:45 Husbandry
21:22 Iron Casting
21:18 Bow Saw
23:29 Hand Cart
比奇堡莽夫
10:13 Feudal Age
11:51 Domestication
12:26 Double-Bit Axe
16:02 Loom
19:04 Castle Age
18:10 Forging
17:42 Man-at-Arms
19:02 Scale Mail Armor
19:13 Long Swordsman
20:50 Iron Casting
21:27 Chain Mail Armor
21:15 Gambesons
Connection lost

Rejoining the realm…

Still unreachable

The connection could not be restored.

Session expired

The server has moved on; the page needs a fresh start.